 Dungeon Crawl Stone Soup version 0.28.0-53-g5a82cb258f (webtiles) character file.

Game seed: 1212749813654320411

2376 Condegh the Digger (level 9, -22/50 HPs)
             Began as a Gargoyle Earth Elementalist on July 29, 2022.
             Was a Follower of Vehumet.
             Killed from afar by Harold (46 damage)
             ... with a bolt of acid
             ... on level 7 of the Dungeon.
             The game lasted 01:01:05 (8904 turns).

Condegh the Digger (Gargoyle Earth Elementalist)    Turns: 8904, Time: 01:01:07

Health: -22/50     AC: 12    Str: 13    XL:     9   Next: 45%
Magic:  1/18       EV: 12    Int: 25    God:    Vehumet [*.....]
Gold:   311        SH:  0    Dex: 10    Spells: 13/20 levels left

rFire   + . .      SeeInvis .   C - +2 morningstar (holy)
rCold   . . .      Faith    .   (no shield)
rNeg    + . .      Spirit   .   l - +2 robe {rF+}
rPois   ∞          Reflect  .   m - +0 helmet
rElec   +          Harm     .   (no cloak)
rCorr   .          Rampage  .   (no gloves)
Will    .....                   f - +0 pair of boots
Stlth   ++........              (no amulet)
HPRegen 0.16/turn               g - +6 ring of intelligence
MPRegen 0.16/turn               (no ring)

@: marked, studying Ice Magic
A: sickness immunity, AC +6, negative energy resistance 1, electricity
resistance, torment resistance 1, petrification resistance
a: Renounce Religion


You were on level 7 of the Dungeon.
You worshipped Vehumet.
Vehumet was aware of your devotion.
You visited 2 branches of the dungeon, and saw 8 of its levels.
You also visited: Sewer and Ossuary.

You collected 311 gold pieces.

Inventory:

Hand Weapons
 C - a +2 morningstar of holy wrath (weapon)
Armour
 b - a +0 robe
 c - a +0 tower shield
 f - a +0 pair of boots (worn)
 l - a +2 robe of fire resistance (worn)
 m - a +0 helmet (worn)
 t - a +0 troll leather armour {Pargi}
 v - an orb of wrath
Jewellery
 g - a +6 ring of intelligence (left hand)
 u - an amulet of regeneration
 B - an amulet of magic regeneration
 D - an amulet of the acrobat
Wands
 h - a wand of mindburst (8)
 i - a wand of flame (4)
Scrolls
 d - 2 scrolls of enchant armour
 k - a scroll of enchant weapon
 n - a scroll of summoning
 q - 3 scrolls of fear
 s - 2 scrolls of fog
 y - 3 scrolls of teleportation
Potions
 a - 2 potions of ambrosia {unknown}
 e - 2 potions of curing {unknown}
 j - a potion of cancellation
 o - 3 potions of heal wounds
 r - 3 potions of attraction {unknown}
 x - a potion of resistance
 z - a potion of might
 A - a potion of haste


   Skills:
 + Level 3.0 Fighting
 + Level 3.0 Maces & Flails
 - Level 2.0 Armour
 + Level 3.0 Dodging
 - Level 2.1 Stealth
 - Level 1.0 Shields
 + Level 6.0 Spellcasting
 + Level 6.0 Conjurations
 - Level 1.0 Transmutations
 + Level 4.0 Fire Magic
 + Level 6.0 Earth Magic
 + Level 3.0 Evocations


You had 13 spell levels left.
You knew the following spells:

 Your Spells              Type           Power      Damage    Failure   Level
a - Sandblast             Erth           74%        2d16      1%          1
b - Stone Arrow           Conj/Erth      74%        3d11      1%          3
c - Conjure Flame         Conj/Fire      32%        6-21      2%          3

Your spell library contained the following spells:

 Spells                   Type           Power      Damage    Failure   Level
 Freeze                   Ice            28%        1d5       8%          1
 Foxfire                  Conj/Fire      100%       2x1d9     1%          1
 Passwall                 Tmut/Erth      20%        N/A       2%          2
 Inner Flame              Hex/Fire       17%        N/A       10%         3
 Flame Wave               Conj/Fire      32%        2d8       10%         4
 Petrify                  Tmut/Erth      25%        N/A       17%         4
 Call Canine Familiar     Summ           7%         N/A       22%         3
 Portal Projectile        Hex/Tloc       14%        N/A       22%         3
 Leda's Liquefaction      Hex/Erth       11%        N/A       22%         4


Dungeon Overview and Level Annotations

Branches:
Dungeon (7/15)             Temple (1/1) D:5           Sewer (visited)
Ossuary (visited)

Altars:
Ashenzari
Cheibriados
Dithmenos
Elyvilon
Fedhas
Gozag
Hepliaklqana
Kikubaaqudgha
Makhleb
Nemelex Xobeh
Okawaru
Qazlal
Ru
Sif Muna
Trog
Uskayaw
Vehumet
Xom
Yredelemnul
Zin
The Shining One

Annotations:
D:7 Harold, Joseph


Innate Abilities, Weirdness & Mutations

You are immune to sickness and miasma.
Your stone body is resilient. (AC +6)
You are immune to poison.
You resist negative energy. (rN+)
You are resistant to electric shocks. (rElec)
You are resistant to unholy torment.
You are immune to petrification.


Message History

Harold hits you with a +4 broad axe!
Okay, then.
Casting: Stone Arrow (safe; 1% risk of failure)
Confirm with . or Enter, or press ? or * to list all spells.
Aiming: Stone Arrow (safe; 1% risk of failure)
Press: ? - help, Shift-Dir - straight line, f/p - Harold
Aim: Harold, wielding a +4 broad axe, wearing a +0 ring mail, quivering a throwing net and carrying a wand of acid (5) (moderately wounded, 84% to hit)
The stone arrow hits Harold!
Harold is heavily wounded.
Harold zaps a wand.
The bolt of acid misses you.
Casting: Stone Arrow (safe; 1% risk of failure)
Confirm with . or Enter, or press ? or * to list all spells.
Aiming: Stone Arrow (safe; 1% risk of failure)
Press: ? - help, Shift-Dir - straight line, f/p - Harold
Aim: Harold, wielding a +4 broad axe, wearing a +0 ring mail, quivering a throwing net and carrying a wand of acid (4) (heavily wounded, 84% to hit)
The stone arrow misses Harold.
Harold hits you with a +4 broad axe.
Casting: Stone Arrow (safe; 1% risk of failure)
Confirm with . or Enter, or press ? or * to list all spells.
Aiming: Stone Arrow (safe; 1% risk of failure)
Press: ? - help, Shift-Dir - straight line, f/p - Harold
Aim: Harold, wielding a +4 broad axe, wearing a +0 ring mail, quivering a throwing net and carrying a wand of acid (4) (heavily wounded, 84% to hit)
The stone arrow hits Harold!
Harold is severely wounded.
Harold gestures at you while chanting.
You barely resist.
Casting: Stone Arrow (safe; 1% risk of failure)
Confirm with . or Enter, or press ? or * to list all spells.
Aiming: Stone Arrow (safe; 1% risk of failure)
Press: ? - help, Shift-Dir - straight line, f/p - Harold
Aim: Harold, wielding a +4 broad axe, wearing a +0 ring mail, quivering a throwing net and carrying a wand of acid (4) (severely wounded, 84% to hit)
The stone arrow hits Harold!
Harold is almost dead.
Harold points at you and mumbles some strange words.
A sentinel's mark forms upon you.
You puncture Harold!
Harold is almost dead.
Harold says, "I was hoping my final job would be more of a challenge, but money is money."
Harold zaps a wand.
The bolt of acid hits you!!!
Ouch! That really hurt!
You die...

###.# ...........# #.##
#............# #..#
............# # ##.#
...........# # #.##
...........# # #@.#
...........# # ##.#
#............#### #
#.## #..##..........# #
#..#
#...@@..######.##### #
##.#
#...#.#.##.........# #
#.## #..
#.#.##.##.####.# # #..#
#.. #... #.##.# #
##.####...######....# #
#....#...#......†.## #
##.#.##.##.###.#......#
#
#...........#.....#...
# #.........#.#..#..#
##


You could see Harold.

Vanquished Creatures
  Sigmund (D:4)
  Menkaure (D:7)
  Duvessa (D:6)
  2 ice beasts (D:5)
  An orc warrior (D:6)
  Pargi (Sewer)
  An ogre (D:7)
  A phantom (D:6)
  2 elf zombies (Ossuary)
  2 bullfrogs
  5 scorpions
  Dowan (D:6)
  A water moccasin skeleton (D:5)
  A howler monkey (D:6)
  2 centaur zombies
  A centaur skeleton (D:6)
  A jelly (D:4)
  2 hounds (D:6)
  3 human zombies (Ossuary)
  An orc priest (D:6)
  A bullfrog skeleton (D:6)
  Jessica (D:2)
  3 iguanas
  2 orc wizards (D:6)
  4 mummies
  Robin (D:2)
  3 gnolls (D:5)
  3 adders
  5 adder zombies (Ossuary)
  An adder skeleton (D:5)
  3 worms
  A dart slug (D:2)
  20 orcs
  9 bats
  3 endoplasms (D:1)
  4 giant cockroaches
  2 gnoll zombies (Ossuary)
  16 goblins
  11 hobgoblins
  3 jackals (D:2)
  12 kobolds
  3 quokkas
  7 ball pythons
  6 frilled lizards
  3 goblin zombies
  3 hobgoblin zombies (Ossuary)
  5 jackal zombies (Ossuary)
  5 kobold zombies
  An orc zombie (Ossuary)
  3 quokka zombies (Ossuary)
  4 rats
  4 rat zombies (Ossuary)
183 creatures vanquished.

Notes
Turn   | Place    | Note
-------+----------+-------------------------------------------
     0 | D:1      | Condegh the Gargoyle Earth Elementalist began the quest for
                  | the Orb.
     0 | D:1      | Reached XP level 1. HP: 10/10 MP: 3/3
   224 | D:1      | Reached XP level 2. HP: 16/16 MP: 3/5
   231 | D:1      | Reached skill level 1 in Transmutations
   621 | D:1      | Reached skill level 1 in Armour
   684 | D:1      | Reached XP level 3. HP: 20/20 MP: 6/6
   688 | D:1      | Learned a level 3 spell: Stone Arrow
   767 | D:1      | Reached skill level 1 in Fighting
   782 | D:1      | Found a faded altar of an unknown god.
  1038 | D:2      | Found a bloodstained altar of Trog.
  1246 | D:2      | Noticed Robin
  1284 | D:2      | Killed Robin
  1285 | D:2      | Reached skill level 1 in Conjurations
  1285 | D:2      | Reached XP level 4. HP: 12/25 MP: 1/7
  1482 | D:2      | Noticed Jessica
  1485 | D:2      | Killed Jessica
  1486 | D:2      | Reached skill level 1 in Maces & Flails
  2515 | D:3      | Reached XP level 5. HP: 27/30 MP: 8/8
  2977 | D:4      | Found an ancient bone altar of Kikubaaqudgha.
  3006 | D:4      | Found a shimmering blue altar of Sif Muna.
  3093 | D:4      | Found a sand-covered staircase.
  3131 | Ossuary  | Entered an ossuary
  3245 | Ossuary  | Reached skill level 1 in Evocations
  3527 | Ossuary  | Reached XP level 6. HP: 35/35 MP: 10/10
  4095 | Ossuary  | Reached XP level 7. HP: 40/40 MP: 2/12
  4356 | D:4      | Noticed Sigmund
  4366 | D:4      | Killed Sigmund
  4376 | D:4      | Found an opulent altar of Gozag.
  4885 | D:5      | Entered Level 5 of the Dungeon
  5043 | D:5      | Reached XP level 8. HP: 20/46 MP: 0/13
  5466 | D:5      | Reached skill level 5 in Earth Magic
  5798 | D:5      | Found a staircase to the Ecumenical Temple.
  5807 | Temple   | Entered the Ecumenical Temple
  5845 | Temple   | Became a worshipper of Vehumet
  6469 | D:5      | Reached skill level 1 in Shields
  6882 | D:6      | Reached skill level 5 in Conjurations
  6977 | D:6      | Found a glowing drain.
  6977 | D:6      | Noticed Duvessa
  6981 | D:6      | Noticed Dowan
  6986 | Sewer    | Entered a sewer
  7062 | Sewer    | Noticed Pargi
  7067 | Sewer    | Killed Pargi
  7068 | Sewer    | Reached skill level 5 in Spellcasting
  7226 | D:6      | Reached * piety under Vehumet
  7226 | D:6      | Offered knowledge of Freeze by Vehumet.
  7237 | D:6      | Reached XP level 9. HP: 22/50 MP: 4/17
  7409 | D:6      | Killed Duvessa
  7413 | D:6      | Killed Dowan
  7425 | D:6      | Learned a level 3 spell: Conjure Flame
  7658 | D:6      | Reached skill level 1 in Fire Magic
  8359 | D:7      | Noticed Menkaure
  8363 | D:7      | Killed Menkaure
  8462 | D:7      | Noticed Joseph
  8892 | D:7      | Noticed Harold
  8904 | D:7      | Killed from afar by Harold

Illustrated notes

Levels and vault maps discovered:
D:1:      minmay_arrival_widening_spiral_wide, layout_rooms,
          ebering_ecumenical_altar_hall
D:2:      layout_basic, basic_altar, minmay_misc_feat_nine_boxes, uniq_jessica,
          uniq_robin
D:3:      layout_basic, chequers_serial_rivers_marsh
D:4:      layout_basic, minitemple, nicolae_gozag_seed_capital,
          nicolae_ossuary_entry_giza, chequers_jeans,
          corexii_item_surrounded_by_moat, uniq_sigmund
D:5:      layout_basic, minmay_temple_entry_wispy, minmay_misc_feat_columns
D:6:      layout_cave_pools, cheibrodos_sewer_entry_drain,
          minmay_unpleasant_kobolds, uniq_duvessa
D:7:      layout_basic, uniq_joseph, uniq_harold, uniq_menkaure
Temple:   mainiacjoe_temple_coin_purse

Skill      XL: |  1  2  3  4  5  6  7  8  9 |
---------------+----------------------------+-----
Transmutations | 1 |  1.0
Armour         | 1 2 |  2.0
Fighting       | 1 2 3 |  3.0
Earth Magic    | 4 6 |  6.0
Dodging        | 2 3 |  3.0
Conjurations   | 1 2 3 5 6 |  6.0
Maces & Flails | 1 2 3 |  3.0
Evocations     | 1 2 3 |  3.0
Spellcasting   | 3 5 6 |  6.0
Shields        | 1 |  1.0
Fire Magic     | 4 |  4.0
Stealth        | |  2.1

Action                   |  1- 3 |  4- 6 |  7- 9 || total
-------------------------+-------+-------+-------++-------
Melee: Unarmed           |     7 |       |       ||     7
       Short sword       |    20 |       |       ||    20
       Club              |    41 |    14 |       ||    55
       Whip              |       |   284 |   140 ||   424
       Punch             |       |       |     1 ||     1
       Morningstar       |       |       |    17 ||    17
 Cast: Sandblast         |    46 |    31 |       ||    77
       Stone Arrow       |       |     9 |   100 ||   109
Evoke: Wand              |       |    11 |       ||    11
  Use: Scroll            |       |     5 |    12 ||    17
       Potion            |       |       |     1 ||     1
 Stab: Sleeping          |     1 |     4 |       ||     5
Armor: Robe              |    25 |    96 |    89 ||   210
Dodge: Dodged            |    65 |   140 |   143 ||   348
